 Dungeon Crawl Stone Soup version 0.29.1-15-g9cfb28693d (webtiles) character file.

Game seed: 636736887709595231

121 leafyfresh the Sneak (level 5, 0/37 HPs)
             Began as an Octopode Delver on Feb 24, 2023.
             Succumbed to a scorpion's poison
             ... in the Ecumenical Temple.
             The game lasted 00:01:12 (702 turns).

leafyfresh the Sneak (Octopode Delver)               Turns: 702, Time: 00:01:12

Health: 0/37       AC:  1    Str: 12    XL:     5   Next: 5%
Magic:  14/14      EV: 13    Int: 14    God:
Gold:   0          SH:  0    Dex: 13    Spells: 4/4 levels left

rFire   . . .      SeeInvis .   a - +0 short sword
rCold   . . .      Faith    .   (no shield)
rNeg    . . .      Spirit   .   (helmet restricted)
rPois   .          Reflect  .   (no amulet)
rElec   .          Harm     .   g - ring of magical power
rCorr   .          Rampage  .   (no ring)
Will    .....                   (no ring)
Stlth   ++++......              (no ring)
HPRegen 0.12/turn               (no ring)
MPRegen 0.14/turn               (no ring)
                                (no ring)
                                (no ring)

@: lethally poisoned (0 -> -4)
A: almost no armour, amphibious, 8 rings, camouflage 1, gelatinous body 1,
(nimble swimmer 1), tentacles
a: no special abilities


You were in the Ecumenical Temple.
You visited 2 branches of the dungeon, and saw 3 of its levels.

Inventory:

Hand Weapons
 a - a +0 short sword (weapon)
Jewellery
 g - a ring of magical power (left tentacle)
Wands
 f - a wand of digging (3)
Scrolls
 b - a scroll of fog
 c - a scroll of magic mapping
Potions
 e - a potion of haste


   Skills:
 + Level 3.7 Fighting
 + Level 3.0 Short Blades
 + Level 3.0 Dodging
 + Level 7.4 Stealth


You had 4 spell levels left.
You didn't know any spells.
Your spell library was empty.

Dungeon Overview and Level Annotations

Branches:
Dungeon (6/15)             Temple (1/1) D:5

Altars:


Innate Abilities, Weirdness & Mutations

You cannot wear most types of armour.
You are amphibious.
You can wear up to eight rings at the same time.
Your skin changes colour to match your surroundings (Stealth+).
Your rubbery body absorbs attacks. (AC +1, EV +1)
((You are camouflaged when in or above water. (Stealth+)))
You have tentacles for arms and can constrict up to eight enemies at once.


Message History

You hit the scorpion but do no damage. You grab the scorpion.
The scorpion is moderately wounded.
You constrict the scorpion, but do no damage.
The hound misses you. The scorpion stings you.
You hit the scorpion but do no damage.
The scorpion is moderately wounded.
You constrict the scorpion. The hound bites you.
The scorpion barely misses you. The hound bites you.
You completely miss the scorpion.
The scorpion is moderately wounded.
You constrict the scorpion. The hound bites you but does no damage.
The scorpion stings you.
You hit the scorpion.
The scorpion is severely wounded.
You constrict the scorpion. The hound completely misses you.
The scorpion barely misses you. The hound barely misses you.
You hit the scorpion but do no damage.
You squeeze the scorpion, but do no damage.
The scorpion is severely wounded.
You constrict the scorpion. The scorpion stings you.
You are poisoned.
The scorpion poisons you! The hound closely misses you.
You hit the scorpion.
You kill the scorpion!
You feel sick. The hound bites you.
* * * LOW HITPOINT WARNING * * *
The hound misses you.
Your Short Blades skill increases to level 3!
Your Dodging skill increases to level 3!
You have reached level 5!
You feel stronger.
You hit the hound but do no damage. Your grab misses the hound.
You squeeze the hound.
The hound is moderately wounded.
* * * LOW HITPOINT WARNING * * *
You feel sick. The hound bites you.
* * * LOW HITPOINT WARNING * * *
You closely miss the hound. Your grab misses the hound.
The hound is moderately wounded.
You die...

.# #.# #. .#
#.# #. #
.##.##. #
.##.#.#.##.
.........
##.....##
####....h..####
.......@.......
####...†...####
##.....##
...#.#...
.##.#.#.##. #
.##.##. # .#
#.# #. .# #.#
#.


You could see a hound.

Vanquished Creatures
  A necrophage (D:5)
  A scorpion (Temple)
  A worm (D:5)
3 creatures vanquished.

Notes
Turn   | Place    | Note
-------+----------+-------------------------------------------
     0 | D:5      | leafyfresh the Octopode Delver began the quest for the Orb.
     0 | D:5      | Reached XP level 1. HP: 16/16 MP: 1/1
    90 | D:5      | Noticed an orc wizard
    90 | D:5      | Noticed an orc priest
    93 | D:5      | Noticed an iguana
    93 | D:5      | Noticed an orc wizard
   127 | D:5      | Noticed a scorpion
   151 | D:6      | Noticed a necrophage
   153 | D:6      | Noticed a black bear
   153 | D:6      | Noticed a hound
   168 | D:5      | Killed a necrophage
   169 | D:5      | Reached skill level 7 in Stealth
   169 | D:5      | Reached XP level 2. HP: 1/21 MP: 2/2
   169 | D:5      | Reached XP level 3. HP: 2/26 MP: 3/3
   169 | D:5      | Reached XP level 4. HP: 2/31 MP: 4/4
   684 | D:5      | Found a staircase to the Ecumenical Temple.
   693 | Temple   | Entered the Ecumenical Temple
   700 | Temple   | Killed a scorpion
   701 | Temple   | Reached XP level 5. HP: 5/37 MP: 5/5
   701 | Temple   | HP: 1/37 [hound (2)]
   702 | Temple   | Succumbed to a scorpion's poison

Illustrated notes

Levels and vault maps discovered:
D:5:      layout_rooms, mainiacjoe_overflow_tiny_flanked,
          minmay_temple_entry_sparse_star
D:6:      layout_rooms, marbit_many_paths, general_overflow_altar,
          hangedman_ru_absence, gammafunk_ghost_arena, serial_bayou_crossing,
          uniq_grinder
Temple:   hellmonk_temple_flake

Skill      XL: |  1  2  3  4 |
---------------+-------------+-----
Stealth        | 7 |  7.4
Short Blades   | 3 |  3.0
Dodging        | 3 |  3.0
Fighting       | |  3.7

Action                   |  1- 3 |  4- 6 || total
-------------------------+-------+-------++-------
Melee: Short sword       |    15 |     9 ||    24
       Tentacles         |     2 |     3 ||     5
       Constrict         |     2 |     1 ||     3
       Punch             |     1 |       ||     1
  Use: Scroll            |     1 |       ||     1
Armor: Skin              |       |     2 ||     2
Dodge: Dodged            |    12 |    12 ||    24
